 Dungeon Crawl Stone Soup version 0.31.0-32-g396128a36d (webtiles) character file.

Game seed: 9959499827210469901

3574525 tymior the Conqueror (level 27, 197/245 HPs)
             Began as a Minotaur Berserker on Mar 20, 2024.
             Was an Elder of Trog.
             Escaped with the Orb
             ... and 5 runes on Mar 21, 2024!
             The game lasted 03:22:32 (59623 turns).

tymior the Conqueror (Minotaur Berserker)          Turns: 59623, Time: 03:22:32

Health: 197/245    AC: 31    Str: 37 (38) XL:     27
Magic:  19/19      EV: 23    Int:  9      God:    Trog [****..]
Gold:   9616       SH: 29    Dex: 11 (12) Spells: 26/26 levels left

rFire   + . .        B - +9 war axe (heavy)
rCold   + + .        e - +3 tower shield {AC+3}
rNeg    + + +        U - +1 chain mail of Patterns {rF+ rN+ Will+ Str+6}
rPois   +            (helmet unavailable)
rElec   +            P - +2 cloak of the Cobbler {rCorr Str+4}
rCorr   +            q - +2 pair of gloves {Stlth+}
SInv    .            s - +2 pair of boots {rampage}
Will    ++++.        y - amulet "Hucs" {Reflect rElec rPois Int+3 SH+5}
Stlth   +            L - ring "Xacsol" {rF+ EV+5 Str+4}
HPRegen 0.60/turn    T - ring of Okom {Ice rPois rN++ Int+2 Stlth-}
MPRegen 0.16/turn

%: random rage (3%), reflection, rampage
@: studying Invocations
A: horns 3, retaliatory headbutt, berserk 1, clumsy 2, cold resistance 1,
deformed body, deterioration 2, dopey 1, frail 1, low MP 1, strong-willed 1,
screaming 2, shaggy fur 1, inhibited regeneration, teleportitis 1, weak 2, no
potion heal 2, devolution 1, persistent drain
0: Orb of Zot
}: 5/15 runes: decaying, serpentine, slimy, silver, abyssal
a: Renounce Religion, Berserk, Trog's Hand, Brothers in Arms


You escaped.
You worshipped Trog.
Trog was greatly pleased with you.
You visited 11 branches of the dungeon, and saw 55 of its levels.
You visited the Abyss 3 times.
You also visited: Trove, Gauntlet and Desolation.

You collected 10672 gold pieces.
You spent 1056 gold pieces at shops.

Inventory:

Hand Weapons
 j - the +6 mace "Tocweget" {flame, rPois rF+ rC+ rN+}
   (You found it on level 3 of the Snake Pit)

   rF+:       It protects you from fire.
   rC+:       It protects you from cold.
   rPois:     It protects you from poison rN+: It protects you from negative
   energy.
 B - a +9 heavy war axe (weapon)
 I - the +7 war axe of the Unspeakable One {antimagic, rElec Dex+3}
   (Trog gifted it to you on level 14 of the Dungeon)

   Dex+3:     It affects your dexterity (+3).
   rElec:     It insulates you from electricity.
Armour
 e - a +3 tower shield of protection (worn)
 q - a +2 pair of gloves of stealth (worn)
 s - a +2 pair of boots of rampaging (worn)
 G - the +2 hood of the Assassin {Detect Stab+ Stlth++}
   (You found it on level 3 of the Depths)

   Detect:    It allows the wearer to sense nearby creatures.
   Stab+:     It allows the wearer to make particularly effective stabbing
   attacks against helpless or unaware enemies with any weapon.
   Stlth++:   It makes you much more stealthy.
 J - the orb of Impermeability {mayhem, Ice}
   (You found it in a treasure trove)

   Ice:       It increases the power of your Ice spells.
 P - the +2 cloak of the Cobbler (worn) {rCorr Str+4}
   (You acquired it on level 3 of the Lair of Beasts)

   Str+4:     It affects your strength (+4).
   rCorr:     It protects you from acid and corrosion.
 U - the +1 chain mail of Patterns (worn) {rF+ rN+ Will+ Str+6}
   (You took it off a minotaur in a Gauntlet)

   Str+6:     It affects your strength (+6).
   rF+:       It protects you from fire.
   rN+:       It protects you from negative energy.
   Will+:     It increases your willpower.
Jewellery
 i - the ring "Juniwkumm" {Fly Str+2}
   (You found it in a treasure trove)

   [ring of flight]

   Str+2:     It affects your strength (+2).
   Fly:       It grants you flight.
 k - the ring of Fac Kied {rPois rC+ SInv}
   (You found it in a treasure trove)

   [ring of protection from cold]

   rC+:       It protects you from cold.
   rPois:     It protects you from poison SInv: It lets you see invisible.
 l - a +6 ring of dexterity
 n - a +6 ring of strength
 y - the amulet "Hucs" (around neck) {Reflect rElec rPois Int+3 SH+5}
   (You found it on level 5 of the Vaults)

   [amulet of reflection]

   Reflect:   It reflects blocked missile attacks.
   Int+3:     It affects your intelligence (+3).
   rElec:     It insulates you from electricity.
   rPois:     It protects you from poison SH+5: It affects your SH (+5).
 L - the ring "Xacsol" (left hand) {rF+ EV+5 Str+4}
   (You took it off a deep elf master archer on level 3 of the Elven Halls)

   [ring of evasion]

   EV+5:      It affects your evasion (+5).
   Str+4:     It affects your strength (+4).
   rF+:       It protects you from fire.
 M - the ring of Yrutieqe {*Corrode rPois rN+++ Int+3 Dex+6}
   (You found it on level 2 of the Snake Pit)

   [ring of dexterity]

   Int+3:     It affects your intelligence (+3).
   Dex+6:     It affects your dexterity (+6).
   rPois:     It protects you from poison rN+++: It renders you almost immune to
   negative energy.
   *Corrode:  It may corrode you when you take damage.
 N - the ring of Harmony {Fly rElec Str+4}
   (You took it off a frost giant on level 5 of the Vaults)

   [ring of flight]

   Str+4:     It affects your strength (+4).
   rElec:     It insulates you from electricity.
   Fly:       It grants you flight.
 O - the ring of Qofriammi {rF+ rCorr}
   (You found it on level 5 of the Pits of Slime)

   [ring of protection from fire]

   rF+:       It protects you from fire.
   rCorr:     It protects you from acid and corrosion.
 T - the ring of Okom (right hand) {Ice rPois rN++ Int+2 Stlth-}
   (You found it in a Gauntlet)

   [ring of ice]

   Ice:       It enhances your ice magic.
   Int+2:     It affects your intelligence (+2).
   rF-:       It makes you vulnerable to fire.
   rC+:       It protects you from cold.
   rPois:     It protects you from poison rN++: It greatly protects you from
   negative energy.
   Stlth-:    It makes you less stealthy.
 V - the ring of Asedeef {Fly rPois MP+9 Str+3 Dex+6}
   (You found it on level 1 of the Elven Halls)

   [ring of dexterity]

   Str+3:     It affects your strength (+3).
   Dex+6:     It affects your dexterity (+6).
   rPois:     It protects you from poison MP+9: It affects your magic capacity
   (+9).
   Fly:       It grants you flight.
Wands
 b - a wand of digging (37)
 f - a wand of mindburst (64)
 r - a wand of flame (47)
 w - a wand of roots (86)
 z - a wand of charming (71)
 F - a wand of polymorph (4)
 R - a wand of light (7)
Scrolls
 a - 3 scrolls of silence
 c - 3 scrolls of summoning
 g - a scroll of enchant weapon
 h - 20 scrolls of teleportation
 o - 14 scrolls of fear
 A - 8 scrolls of revelation
 K - 10 scrolls of enchant armour
 Q - 4 scrolls of fog
 X - 2 scrolls of brand weapon
Potions
 m - 10 potions of enlightenment
 p - 3 potions of cancellation
 t - 5 potions of berserk rage
 u - 12 potions of curing
 x - 5 potions of might
 D - 3 potions of haste
 E - 3 potions of invisibility
 S - 6 potions of heal wounds
 W - 4 potions of ambrosia
Miscellaneous
 v - a phantom mirror (inert)
 C - a box of beasts


   Skills:
 O Level 27 Fighting
 + Level 24.1 Axes
 + Level 26.5 Armour
 + Level 22.8 Dodging
 + Level 16.6 Stealth
 + Level 21.5 Shields
 + Level 15.4 Evocations


You had 26 spell levels left.
You didn't know any spells.
Your spell library was empty.

Dungeon Overview and Level Annotations

Branches:
Dungeon (15/15)            Temple (0/1) D:4            Lair (5/5) D:11
  Swamp (4/4) Lair:3        Snake (4/4) Lair:3        Slime (5/5) Lair:4
    Orc (2/2) D:12            Elf (3/3) Orc:2        Vaults (5/5) D:14
  Crypt (3/3) Vaults:2       Tomb (0/3) Crypt:3      Depths (4/4) D:15
    Zot (5/5) Depths:4    Desolation (visited)      Gauntlet (visited)

Altars:
Cheibriados
Dithmenos
Kikubaaqudgha
Trog
Wu Jian
Xom
Yredelemnul
Zin

Shops:
D:7 !   Orc:2 [(*::   Snake:1 *(:(   Snake:3 (   Vaults:1 [=   Vaults:2 ?
Depths:2 :

Portals:
Hell: Depths:1 Depths:2 Depths:3 Depths:4
Abyss: Depths:1 Depths:2 Depths:3
Pandemonium: Depths:2
Ziggurat: Depths:3

Annotations:
Elf:3 1 runed translucent door, Alphaeus's ghost, adept TrSh


Innate Abilities, Weirdness & Mutations

You have a pair of large horns on your head.
You reflexively headbutt those who attack you in melee.
You sometimes lose your temper in combat.
You are very clumsy. (Dex -4)
Your flesh is cold resistant. (rC+)
Armour fits poorly on your strangely shaped body.
Your body often deteriorates upon taking damage.
You are dopey. (Int -2)
You are frail. (-10% HP)
Your magical capacity is low. (-10% MP)
You are strong-willed. (Will+)
You frequently scream uncontrollably at your foes.
You are covered in fur. (AC +1)
You do not regenerate when monsters are visible.
You are occasionally teleported next to monsters.
You are very weak. (Str -4)
Potions cannot restore your health.
You have hidden genetic defects.
Your health recovers twice as slowly from being drained.


Message History

You block something's attack.
You miss something. Something barely misses you.
You barely miss something. Your headbutt misses something.
You block something's attack.
You open something like a pillowcase!!! Trog accepts your kill.
Reactivating autopickup.
You feel a bit more experienced.
A hell beast comes into view.
The hell beast moves out of view.
There is a stone staircase leading up here.
You climb upwards.
There is a stone staircase leading down here.
There is an escape hatch in the ceiling here.
You see here a +0 whip.
There is a stone staircase leading up here.
You climb upwards.
There is a stone staircase leading down here.
There is a stone staircase leading up here.
Magic restored.
You climb upwards.
There is a stone staircase leading down here.
There is a stone staircase leading up here.
You climb upwards.
There is a stone staircase leading down here.
There is an open door here.
There is a stone staircase leading up here.
You climb upwards.
There is a stone staircase leading down here.
What level of the Dungeon? (default 1, ? - help) You're already here!
You open the door.
There is an open door here.
Aiming: Dig
Press: ? - help, Shift-Dir - straight line A rock wall.
This square is covered in magical glow.
The rock shatters into small pieces.
There is a staircase leading out of the dungeon here.
You have escaped!

#.#+#########.# ##.......
#..........##.# ##### ###..#..
#..........##.# #...# #..#..
#..........'..# #.8.# #..)..
#..........#### #...# ##.#..
###'######## ###+### #.#).
####........# #####.....#####.#..
.)......###.###...#.....#...#....
........# #.....@.'.....+.8.#.#.>
........# #.###...#.....#...#....
####....# #.# #####.....#########
#....# #.#######+###'#
#....###.#...........#
#....#........######## ###
#.............# #..
####.....).......# #.#
...#.............# #.#


There were no monsters in sight!

Vanquished Creatures
  3 ancient liches (Zot:5)
  9 orbs of fire (Zot:5)
  Mara (Depths:1)
  Mennas (Vaults:2)
  A pandemonium lord (Zot:5)
  Josephina (Crypt:3)
  Sojobo (Depths:3)
  Vv (Zot:4)
  Saint Roka (Snake:3)
  Bai Suzhen (Swamp:4)
  4 caustic shrikes (Depths:4)
  4 curse toes
  The ghost of Bunoc the Executioner, a veteran FoFi of Dithmenos (Crypt:3)
  2 Killer Klowns
  Nikola (Swamp:3)
  A profane servitor (Zot:5)
  2 bone dragons
  A golden dragon (Zot:4)
  A Tzitzimitl (Depths:3)
  7 electric golems
  A Brimstone Fiend (Zot:5)
  A Hell Sentinel (D:7)
  2 hellephants (Depths:1)
  Jorgrun (D:15)
  Rupert (D:15)
  The ghost of zeteo the Omniscient, an adept GnEE of Ashenzari (Elf:1)
  18 tentacled monstrosities
  A shard shrike skeleton (Crypt:3)
  A walking frostbound tome (Depths:2)
  30 Orb Guardians
  A quicksilver dragon (shapeshifter) (Abyss:4)
  A quicksilver dragon (Zot:4)
  A deep elf blademaster (Elf:3)
  4 titans
  The ghost of Masud the Warrior, an adept TeRe of Hepliaklqana (Elf:2)
  19 acid blobs
  6 sphinxes
  2 deep elf master archers (Elf:3)
  4 ancient champions
  3 death cobs
  3 tentacled starspawn (Abyss:4)
  Agnes (Elf:1)
  14 shadow dragons
  11 storm dragons
  8 tengu reavers
  Roxanne (Snake:3)
  Aizul (Swamp:4)
  Donald (Swamp:4)
  2 fenstrider witches
  5 fire giants
  5 draconian monks
  13 azure jellies
  4 revenants
  4 nagarajas
  3 draconian shifters
  3 draconian knights
  3 draconian scorchers
  18 rockslimes
  7 ghost moths
  10 frost giants
  Louise (Snake:2)
  8 deep elf sorcerers
  An orc warlord (Vaults:3)
  15 vault wardens
  3 balrugs
  2 deep elf elementalists (Elf:3)
  A spectral caustic shrike (Crypt:3)
  3 spriggan defenders
  3 draconian stormcallers
  A caustic shrike skeleton (Crypt:2)
  28 very ugly things
  10 quicksilver oozes
  2 draconian annihilators
  4 ghouls
  3 formless jellyfish
  24 ironbound preservers
  11 ironbound thunderhulks
  3 reapers
  9 vampire knights
  17 stone giants
  8 deep elf demonologists
  The ghost of Geaqoff the Carver, a journeyman VSCj of the Shining One (Snake:3)
  8 green draconians
  6 black draconians
  8 deep elf annihilators
  8 purple draconians
  3 lorocyprocas
  4 halazid warlocks (Desolation)
  9 deep elf death magi
  6 eleionomae
  4 bunyips
  Azrael (D:12)
  16 spark wasps
  6 white draconians
  9 red draconians
  8 yellow draconians
  3 war gargoyles
  A minotaur (Gauntlet)
  4 dire elephants (Vaults:3)
  12 eidola
  3 blizzard demons (Depths:2)
  5 merfolk impalers
  A spectral quicksilver dragon (Crypt:3)
  14 ettins
  A merfolk javelineer (Depths:2)
  2 green deaths (Swamp:4)
  5 ragged hierophants (Desolation)
  2 fire dragons
  4 crystal guardians
  A fire dragon (shapeshifter) (Vaults:5)
  A spectral spriggan (Crypt:3)
  A mummy priest (Depths:2)
  7 deep elf high priests
  3 entropy weavers
  9 yaktaur captains
  A great orb of eyes (shapeshifter) (Abyss:4)
  16 great orbs of eyes
  A salamander tyrant (Snake:4)
  36 vault guards
  10 peacekeepers
  4 ice dragons
  A caustic shrike simulacrum (Crypt:3)
  4 rakshasas
  6 servants of whispers (Desolation)
  3 ogre magi (Vaults:5)
  Erolcha (D:9)
  A fenstrider witch zombie (Crypt:1)
  A quicksilver dragon skeleton (Crypt:1)
  5 ironbound frosthearts
  A spectral fenstrider witch (Crypt:3)
  6 centaur warriors
  A catoblepas (Lair:4)
  2 death knights
  2 spectral stone giants (Crypt:3)
  A ghost crab (Swamp:2)
  11 hydras
  5 spriggan air magi
  3 anacondas
  A merfolk avatar (Lair:5)
  7 alligators
  6 boulder beetles
  A bennu zombie (Crypt:1)
  A fenstrider witch skeleton (Crypt:3)
  19 tengu warriors
  10 two-headed ogres
  5 deep troll earth magi
  2 spectral dire elephants (Crypt:3)
  2 death scarabs (Depths:2)
  3 death yaks
  3 hell hogs (Depths:1)
  An occultist (Depths:3)
  6 spriggan berserkers
  11 naga warriors
  8 thrashing horrors
  A spectral orc (Crypt:3)
  30 dancing weapons
  An orc high priest (Orc:2)
  12 naga sharpshooters
  11 vampire magi
  3 sun demons
  7 shock serpents
  2 demonic crawlers
  2 wretched stars
  Nergalle (Lair:2)
  20 deep elf knights
  2 soul eaters
  10 hell knights
  2 iron trolls
  A titan skeleton (Crypt:3)
  A sixfirhy (Abyss:3)
  8 mana vipers
  11 shadow wraiths
  2 salamander mystics (Snake:4)
  A quicksilver dragon simulacrum (Crypt:3)
  A death drake (shapeshifter) (Vaults:5)
  Lodul (D:11)
  5 goliath frogs
  3 skysharks
  A spectral bunyip (Crypt:3)
  66 deep trolls
  A mana viper (shapeshifter) (Vaults:5)
  4 glowing orange brains
  36 skeletal warriors
  5 spriggan druids
  10 swamp dragons
  4 shadow demons
  2 sea snakes (Lair:5)
  8 flayed ghosts
  4 naga ritualists
  16 ironbound convokers
  A bunyip skeleton (Crypt:3)
  9 deep elf archers
  13 lindwurms
  6 arcanists
  6 necromancers
  12 orc knights
  A fenstrider witch simulacrum (Crypt:3)
  4 bog bodies
  40 ugly things
  16 phantasmal warriors
  18 starcursed masses (Abyss:4)
  An eye of devastation (shapeshifter) (Vaults:5)
  A frost giant zombie (Crypt:3)
  An oklob plant (Lair:1)
  A faun (shapeshifter) (Depths:1)
  3 orc sorcerers
  10 cyclopes
  31 deep elf pyromancers
  22 deep elf zephyrmancers
  20 moths of wrath
  11 salamanders
  7 manticores
  3 shining eyes
  4 will-o-the-wisps
  2 spectral centaurs (Crypt:3)
  A worldbinder (Abyss:4)
  12 guardian serpents
  5 elephants (Lair:5)
  2 elephants (shapeshifter)
  A guardian serpent (shapeshifter) (Abyss:4)
  3 meliai (D:13)
  A dire elephant zombie (Crypt:3)
  32 black mambas
  2 kobold blastminers
  2 torpor snails (Lair:1)
  15 naga magi
  18 vault sentinels
  4 eyes of devastation
  A torpor snail (shapeshifter) (Vaults:5)
  3 smoke demons (Abyss:4)
  2 molten gargoyles (Desolation)
  An alligator snapping turtle zombie (Crypt:3)
  Joseph (D:8)
  17 cane toads
  8 large abominations
  7 unseen horrors
  A kobold demonologist (D:12)
  A dire elephant skeleton (Crypt:1)
  5 orange demons
  2 hellions (Depths:2)
  3 gargoyles
  10 komodo dragons
  2 iron troll zombies
  Psyche (D:9)
  A bunyip simulacrum (Crypt:3)
  2 efreet
  22 freezing wraiths
  4 rime drakes
  An elephant slug zombie (Crypt:3)
  36 yaktaurs
  2 tormentors
  An ice devil (Gauntlet)
  An iron giant simulacrum (Crypt:3)
  A spectral harpy (Crypt:3)
  6 tengu conjurers
  A hellwing (D:12)
  A black draconian skeleton (Crypt:3)
  A great orb of eyes zombie (Crypt:1)
  A troll (shapeshifter) (Elf:3)
  7 trolls
  2 ancient zymes
  2 hydra zombies
  6 polar bears
  54 saltlings
  8 hornets
  A spectral swamp dragon (Crypt:3)
  A tarantella (shapeshifter) (Vaults:5)
  10 tyrant leeches
  2 glass eyes (Slime:5)
  13 raiju
  10 blink frogs
  10 dream sheep
  A snapping turtle (Lair:5)
  84 slime creatures
  A spriggan (shapeshifter) (Elf:3)
  A spectral black mamba (Crypt:3)
  8 spriggans
  Sigmund (D:3)
  A jumping spider (shapeshifter) (Vaults:5)
  2 vampires
  45 yaks
  4 shadows
  5 centaur simulacra
  9 water elementals
  A ynoxinul (Abyss:3)
  Grum (D:8)
  4 air elementals
  9 wraiths
  9 wyverns
  3 basilisks
  4 wargs
  2 dire elephant simulacra (Crypt:3)
  8 humans (D:14)
  10 golden eyes
  16 vampire mosquitoes
  5 fire elementals
  A hog (shapeshifter) (D:9)
  3 steam dragons
  2 neqoxecs
  2 redbacks (Vaults:1)
  A chaos spawn (Abyss:3)
  An alligator snapping turtle simulacrum (Crypt:3)
  16 swamp worms
  3 harpy simulacra (Crypt:3)
  A merfolk zombie (Crypt:3)
  39 nagas
  An acid dragon (D:11)
  2 swamp worms (shapeshifter)
  14 water moccasins
  A hornet zombie (Crypt:2)
  4 hell hounds
  A meliai simulacrum (Gauntlet)
  3 swamp drakes (Swamp:4)
  A black bear (D:5)
  2 sky beasts (D:7)
  6 ice beasts
  29 orc warriors
  A manticore zombie (Crypt:3)
  A black bear (shapeshifter) (D:15)
  2 laughing skulls (D:15)
  18 ogres
  A manticore skeleton (Crypt:1)
  2 small abominations (Abyss:3)
  20 centaurs
  28 wolves
  4 kobold brigands
  A phantom (D:4)
  A weeping skull (Abyss:3)
  12 bullfrogs
  2 gnoll sergeants (D:12)
  A scorpion (D:6)
  A naga simulacrum (Crypt:3)
  A salamander skeleton (Crypt:1)
  6 earth elementals
  11 wights
  A cyclops skeleton (Crypt:2)
  16 killer bees
  3 howler monkeys
  A raiju skeleton (Crypt:1)
  2 electric eels
  4 bombardier beetles
  3 wyvern simulacra
  2 hounds
  13 jellies
  A quasit (Abyss:4)
  14 orc priests
  2 iguanas
  2 centaur skeletons (Crypt:3)
  A sleepcap (D:5)
  A black bear skeleton (Crypt:3)
  A boggart zombie (Crypt:3)
  16 orc wizards
  A brain worm zombie (Crypt:2)
  An ogre skeleton (Crypt:2)
  A killer bee simulacrum (D:8)
  Robin (D:3)
  5 adders
  14 gnolls
  A shadow imp (D:6)
  6 white imps
  A howler monkey simulacrum (D:8)
  10 ufetubi
  An adder skeleton (Crypt:3)
  An iguana skeleton (Crypt:2)
  2 dart slugs
  A ribbon worm (D:2)
  58 orcs
  8 ball pythons
  8 endoplasms
  3 giant cockroaches (D:1)
  A gnoll zombie (Crypt:2)
  13 goblins
  9 hobgoblins
  5 jackals
  3 quokkas
  3 bats
  A frilled lizard (D:1)
  16 kobolds
  A quokka skeleton (Crypt:2)
  9 rats
  A spectral weapon (D:9)
  2 starspawn tentacles (Abyss:4)
2459 creatures vanquished.

Vanquished Creatures (collateral kills)
  the Royal Jelly (Slime:5)
  Vashnia (Snake:2)
  A bone dragon (Abyss:3)
  A pearl dragon (Abyss:3)
  A lich (Vaults:5)
  A tentacled monstrosity (Vaults:5)
  2 acid blobs (Slime:5)
  A quicksilver dragon (Vaults:5)
  A titan (Vaults:5)
  A sphinx (Vaults:5)
  A shadow dragon (Vaults:5)
  The ghost of Wiggles the Executioner, an adept MiBe of Trog (Snake:2)
  The ghost of Kicir the Blocker, an adept GnFi of Okawaru (Snake:3)
  A nagaraja (Snake:4)
  An azure jelly (Slime:5)
  A revenant (Depths:2)
  A draconian shifter (Zot:1)
  The ghost of Ciageutz the Thaumaturge, a journeyman GnHW of Sif Muna (Snake:3)
  A deep elf elementalist (Elf:3)
  A very ugly thing (Vaults:5)
  A deep elf demonologist (Vaults:5)
  A draconian annihilator (Zot:1)
  2 quicksilver oozes (Slime:5)
  The ghost of Geaqoff the Carver, a journeyman VSCj of the Shining One (Snake:3)
  A deep elf death mage (Vaults:2)
  A white draconian (Zot:1)
  A war gargoyle (Vaults:5)
  An ettin (Vaults:5)
  A green death (Abyss:3)
  A yaktaur captain (Vaults:5)
  A vault guard (Vaults:5)
  A naga warrior (Snake:2)
  A naga sharpshooter (Snake:2)
  A skeletal warrior (Crypt:2)
  A deep elf archer (Elf:3)
  A phantasmal warrior (Crypt:2)
  A shining eye (shapeshifter) (Vaults:5)
  A smoke demon (Abyss:4)
  A black mamba (Snake:2)
  2 unseen horrors (Abyss:4)
  2 raiju (Abyss:4)
  A wraith (Abyss:3)
  A neqoxec (Abyss:4)
  A naga (Snake:2)
48 creatures vanquished.

Vanquished Creatures (others)
  A lich (Depths:1)
  A curse skull (Crypt:3)
  A very ugly thing (Vaults:5)
  A caustic shrike simulacrum (Crypt:3)
  A dancing weapon (Elf:2)
  A vampire mage (Crypt:3)
  A spriggan simulacrum (Crypt:3)
  A deep elf zephyrmancer (Elf:2)
  A guardian serpent (Desolation)
  An orange demon (Swamp:4)
  4 bloated husks
  A vampire (D:11)
  A human (D:14)
  A swamp worm (Swamp:3)
  An orc warrior (Snake:3)
  12 foxfires
  3 lurking horrors (Abyss:4)
  8 starspawn tentacles
41 creatures vanquished.

Grand Total: 2548 creatures vanquished

Notes
Turn   | Place    | Note
-------+----------+-------------------------------------------
     0 | D:1      | tymior the Minotaur Berserker began the quest for the Orb.
     0 | D:1      | Reached XP level 1. HP: 19/19 MP: 0/0
   154 | D:1      | Reached XP level 2. HP: 27/27 MP: 1/1
   462 | D:1      | Reached skill level 4 in Fighting
   818 | D:1      | Reached XP level 3. HP: 33/33 MP: 2/2
   901 | D:1      | Reached ** piety under Trog
  1635 | D:3      | Noticed Robin
  1651 | D:3      | Reached XP level 4. HP: 14/41 MP: 3/3
  1651 | D:3      | Killed Robin
  2199 | D:3      | Found a shadowy altar of Dithmenos.
  2391 | D:3      | Reached XP level 5. HP: 47/47 MP: 4/4
  2447 | D:3      | Noticed Sigmund
  2467 | D:3      | HP: 2/47 [something (9)]
  2490 | D:3      | Killed Sigmund
  2491 | D:3      | Reached skill level 5 in Fighting
  2491 | D:3      | Reached skill level 5 in Axes
  2491 | D:3      | Reached XP level 6. HP: 22/56 MP: 5/5
  3275 | D:4      | Reached skill level 5 in Armour
  3275 | D:4      | Reached XP level 7. HP: 62/62 MP: 6/6
  3282 | D:4      | Found a staircase to the Ecumenical Temple.
  3305 | D:4      | Reached *** piety under Trog
  4361 | D:5      | Entered Level 5 of the Dungeon
  4369 | D:5      | Reached skill level 6 in Fighting
  4376 | D:5      | Reached skill level 5 in Dodging
  4637 | D:5      | Found a glowing silver altar of Zin.
  4777 | D:5      | Reached XP level 8. HP: 71/71 MP: 7/7
  5165 | D:6      | Reached skill level 7 in Fighting
  5382 | D:6      | You fall into a shaft and drop 1 floor!
  5411 | D:7      | Reached **** piety under Trog
  5477 | D:7      | Found Gumoti's Distillery.
  5480 | D:7      | Bought a potion of curing for 48 gold pieces
  5497 | D:7      | Reached skill level 8 in Fighting
  5497 | D:7      | Reached XP level 9. HP: 74/81 MP: 8/8
  5505 | D:7      | Found a snail-covered altar of Cheibriados.
  6488 | D:7      | Found an ornate altar of the Wu Jian Council.
  6516 | D:7      | Found a basalt altar of Yredelemnul.
  6642 | D:8      | Noticed a polar bear
  6646 | D:8      | Reached skill level 9 in Fighting
  6675 | D:8      | Killed a polar bear
  6726 | D:8      | Noticed Joseph
  6753 | D:8      | Killed Joseph
  6754 | D:8      | Reached XP level 10. HP: 53/91 MP: 9/9
  6758 | D:8      | Noticed Grum
  6765 | D:8      | Killed Grum
  6984 | D:8      | Reached skill level 10 in Fighting
  6984 | D:8      | Reached skill level 10 in Axes
  7213 | D:8      | Noticed a death yak
  7226 | D:8      | Killed a death yak
  7231 | D:8      | Reached skill level 11 in Fighting
  7637 | D:9      | Noticed Erolcha
  7642 | Abyss:1  | Found a corrupted altar of Lugonu.
  7642 | Abyss:1  | Found a corrupted altar of Lugonu.
  7642 | Abyss:1  | Cast into level 1 of the Abyss (Erolcha)
  7718 | Abyss:3  | Noticed a wretched star
  7733 | Abyss:3  | Killed a wretched star
  7765 | Abyss:3  | Noticed a large abomination
  7774 | Abyss:3  | Killed a large abomination
  7781 | Abyss:3  | Reached XP level 11. HP: 104/104 MP: 10/10
  7811 | Abyss:3  | Noticed a large abomination
  7812 | D:9      | Escaped the Abyss
  7817 | D:9      | Killed Erolcha
  7818 | D:9      | Reached skill level 12 in Fighting
  7906 | D:9      | Reached ***** piety under Trog
  7963 | D:9      | Noticed a centaur warrior
  7970 | D:9      | Killed a centaur warrior
  8080 | D:9      | Noticed a boulder beetle
  8082 | D:9      | Noticed a green ugly thing
  8082 | D:9      | Noticed a deep troll
  8089 | D:9      | Killed a green ugly thing
  8102 | D:9      | Reached skill level 13 in Fighting
  8104 | D:9      | Killed a boulder beetle
  8109 | D:9      | Killed a deep troll
  8155 | D:9      | Noticed a centaur warrior
  8159 | D:9      | Received a gift from Trog
  8159 | D:9      | Noticed a red ugly thing
  8162 | D:9      | Killed a centaur warrior
  8168 | D:9      | Killed a red ugly thing
  8173 | D:9      | Noticed a deep elf pyromancer
  8174 | D:9      | Reached skill level 14 in Fighting
  8180 | D:9      | Killed a deep elf pyromancer
  8181 | D:9      | Reached XP level 12. HP: 106/117 MP: 11/11
  8256 | D:9      | Noticed a centaur warrior
  8257 | D:9      | Noticed a two-headed ogre
  8277 | D:9      | Killed a centaur warrior
  8283 | D:9      | Killed a two-headed ogre
  8375 | D:9      | Found a bloodstained altar of Trog.
  8766 | D:10     | Entered Level 10 of the Dungeon
  8770 | D:10     | Noticed Psyche
  8771 | D:10     | Reached skill level 15 in Axes
  8773 | D:10     | Reached skill level 15 in Fighting
  8858 | D:9      | Killed Psyche
  9026 | D:10     | Found an ancient bone altar of Kikubaaqudgha.
  9279 | D:11     | Noticed Lodul
  9285 | D:11     | Killed Lodul
  9289 | D:11     | Reached skill level 1 in Evocations
  9370 | D:11     | Found a staircase to the Lair.
  9536 | D:11     | Identified the +6 battleaxe of Sudden Death {heavy, *Noise
                  | rElec rC+++ SInv} (Trog gifted it to you on level 11 of the
                  | Dungeon)
  9536 | D:11     | Received a gift from Trog
  9539 | D:11     | HP: 3/122 [skeletal warrior/+0 glaive (18)]
  9649 | D:11     | Reached skill level 10 in Armour
 10067 | D:12     | Reached skill level 16 in Fighting
 10067 | D:12     | Reached XP level 13. HP: 117/128 MP: 12/12
 10403 | D:12     | Found a portal to a secret trove of treasure.
 10565 | D:12     | Noticed Azrael
 10576 | D:12     | Killed Azrael
 10726 | D:12     | Found a staircase to the Orcish Mines.
 10890 | D:12     | Reached skill level 1 in Shields
 10991 | Lair:1   | Entered Level 1 of the Lair of Beasts
 11045 | Lair:1   | Received a gift from Trog
 11206 | Lair:1   | Reached skill level 10 in Dodging
 12139 | Lair:2   | Noticed Nergalle
 12144 | Lair:2   | Killed Nergalle
 12336 | Lair:2   | Received a gift from Trog
 13005 | Lair:3   | Reached XP level 14. HP: 91/138 MP: 13/13
 13067 | Lair:3   | Reached skill level 5 in Evocations
 13323 | Lair:3   | Identified a scroll of acquirement
 13324 | Lair:3   | Acquired the +2 cloak of the Cobbler {rCorr Str+4}
 13420 | Lair:3   | Found a staircase to the Swamp.
 13543 | Lair:3   | Found a staircase to the Snake Pit.
 13551 | Lair:3   | Reached skill level 5 in Shields
 13970 | Lair:4   | Found a gate leading to a gauntlet.
 13979 | Gauntlet | Entered a Gauntlet
 13979 | Gauntlet | Found a transporter.
 13982 | Gauntlet | Found a transporter.
 13984 | Gauntlet | Found a transporter.
 13998 | Gauntlet | Found a transporter.
 14000 | Gauntlet | Found a transporter.
 14009 | Gauntlet | Found a transporter.
 14027 | Gauntlet | Found a transporter.
 14037 | Gauntlet | Found a transporter.
 14047 | Gauntlet | Found a transporter.
 14063 | Gauntlet | Found a transporter.
 14072 | Gauntlet | Found a transporter.
 14075 | Gauntlet | Found a transporter.
 14109 | Gauntlet | Reached skill level 17 in Fighting
 14135 | Gauntlet | Found a transporter.
 14189 | Gauntlet | Found a transporter.
 14201 | Gauntlet | Identified the ring of Okom {Ice rPois rN++ Int+2 Stlth-}
 14226 | Gauntlet | Identified the +1 chain mail of Patterns {rF+ rN+ Will+
                  | Str+6}
 14450 | Lair:4   | Found a staircase to the Slime Pits.
 15072 | Lair:5   | Entered Level 5 of the Lair of Beasts
 15284 | Lair:5   | Received a gift from Trog
 16112 | Orc:1    | Entered Level 1 of the Orcish Mines
 16410 | Orc:2    | Entered Level 2 of the Orcish Mines
 16456 | Orc:2    | Found a staircase to the Elven Halls.
 16508 | Orc:2    | Found Boneugof's Book Shop.
 16729 | Orc:2    | Reached XP level 15. HP: 148/148 MP: 14/14
 16742 | Orc:2    | Received a gift from Trog
 16821 | Orc:2    | Found Ereyfij's Armour Boutique.
 16825 | Orc:2    | Found Hesaecw's Antique Weapon Boutique.
 17076 | Orc:2    | Found Uxzihuv's Book Shoppe.
 17233 | Orc:2    | Found Jeot's Assorted Antiques.
 17245 | Orc:2    | Bought a scroll of blinking for 210 gold pieces
 17245 | Orc:2    | Bought a scroll of teleportation for 84 gold pieces
 17613 | D:13     | Reached skill level 18 in Fighting
 18406 | D:14     | Found a gate to the Vaults.
 18662 | D:14     | Found an ancient bone altar of Kikubaaqudgha.
 18703 | D:14     | Identified the +7 war axe of the Unspeakable One
                  | {antimagic, rElec Dex+3} (Trog gifted it to you on level 14
                  | of the Dungeon)
 18703 | D:14     | Received a gift from Trog
 19216 | Snake:1  | Entered Level 1 of the Snake Pit
 19227 | Snake:1  | Reached ****** piety under Trog
 19555 | Snake:1  | Found Reanios's Weapon Boutique.
 19771 | Snake:1  | Found Ahec's General Store.
 19780 | Snake:1  | Found Osovaypa's Weapon Shoppe.
 20087 | Snake:1  | Found Hica Hips's Book Shoppe.
 20312 | Snake:2  | Noticed a nagaraja
 20326 | Snake:2  | Killed a nagaraja
 20501 | Snake:2  | Noticed Wiggles's ghost (adept MiBe)
 20525 | Snake:2  | Found a runed translucent gate.
 20525 | Snake:2  | Found a runed translucent gate.
 20525 | Snake:2  | Found a runed translucent gate.
 20557 | Snake:2  | Killed Wiggles's ghost
 20559 | Snake:2  | Reached XP level 16. HP: 143/159 MP: 5/15
 20570 | Snake:2  | Identified the ring of Yrutieqe {*Corrode rPois rN+++ Int+3
                  | Dex+6}
 20651 | Snake:2  | Found the +10 zealot's sword {holy, Zealotry, *Rage rN+
                  | EV+3}
 20715 | Snake:2  | Received a gift from Trog
 20832 | Snake:2  | Noticed Vashnia
 20867 | Snake:2  | Killed Vashnia
 21025 | Snake:2  | Noticed Louise
 21025 | Abyss:3  | Cast into level 3 of the Abyss (Louise)
 21144 | Abyss:3  | Found a corrupted altar of Lugonu.
 21160 | Abyss:3  | Found a corrupted altar of Lugonu.
 21160 | Abyss:3  | Found a corrupted altar of Lugonu.
 21161 | Abyss:3  | Noticed a bone dragon
 21171 | Abyss:3  | Noticed a pearl dragon
 21178 | Abyss:3  | Killed a bone dragon
 21182 | Abyss:3  | Killed a pearl dragon
 21183 | Abyss:3  | Reached skill level 19 in Fighting
 21207 | Abyss:3  | Noticed a tentacled starspawn
 21223 | Abyss:4  | Killed a tentacled starspawn
 21282 | Snake:2  | Escaped the Abyss
 21307 | Snake:2  | Killed Louise
 21853 | Snake:3  | Noticed Saint Roka
 21855 | Snake:3  | Received a gift from Trog
 21876 | Snake:3  | Reached skill level 15 in Armour
 21882 | Snake:3  | Killed Saint Roka
 22053 | Snake:3  | Noticed Roxanne
 22098 | Snake:3  | Killed Roxanne
 22198 | Snake:3  | Found Duja's Weapon Boutique.
 22468 | Snake:3  | Found a runed translucent gate.
 22468 | Snake:3  | Found a runed translucent gate.
 22468 | Snake:3  | Found a runed translucent gate.
 22469 | Snake:3  | Noticed Geaqoff's ghost (journeyman VSCj)
 22469 | Snake:3  | Noticed Kicir's ghost (adept GnFi)
 22469 | Snake:3  | Noticed Ciageutz's ghost (journeyman GnHW)
 22469 | Snake:3  | Noticed Geaqoff's ghost (journeyman VSCj)
 22639 | Snake:3  | Killed Kicir's ghost
 22642 | Snake:3  | Killed Geaqoff's ghost
 22649 | Snake:3  | Killed Geaqoff's ghost
 22659 | Snake:3  | Killed Ciageutz's ghost
 22676 | Snake:3  | Identified the +6 mace "Tocweget" {flame, rPois rF+ rC+
                  | rN+}
 22706 | Snake:4  | Entered Level 4 of the Snake Pit
 22832 | Snake:4  | Reached XP level 17. HP: 168/168 MP: 5/16
 22834 | Snake:4  | Reached skill level 1 in Stealth
 22899 | Snake:4  | Identified the +7 war axe "Nixiroem" {antimagic, Str+3}
                  | (Trog gifted it to you on level 4 of the Snake Pit)
 22899 | Snake:4  | Received a gift from Trog
 22946 | Snake:4  | Reached skill level 10 in Evocations
 23275 | Snake:4  | Got a serpentine rune of Zot
 23394 | Snake:4  | Identified the +13 war axe "Ittyar" {flame, rElec Stlth+}
                  | (Trog gifted it to you on level 4 of the Snake Pit)
 23394 | Snake:4  | Received a gift from Trog
 23736 | Swamp:1  | Entered Level 1 of the Swamp
 23739 | Swamp:1  | Reached skill level 10 in Shields
 23976 | Swamp:1  | Reached skill level 20 in Fighting
 24173 | Swamp:1  | You fall into a shaft and drop 1 floor!
 24192 | Swamp:2  | Noticed a tentacled monstrosity
 24210 | Swamp:2  | Killed a tentacled monstrosity
 24211 | Swamp:2  | Reached skill level 15 in Dodging
 24998 | Swamp:3  | Noticed Nikola
 25021 | Swamp:3  | Killed Nikola
 25640 | Swamp:4  | Entered Level 4 of the Swamp
 25709 | Swamp:4  | Identified the +8 war axe "Memischif" {antimagic, Dex+4}
 25730 | Swamp:4  | Noticed Bai Suzhen
 25737 | Swamp:4  | Reached XP level 18. HP: 164/178 MP: 5/17
 25744 | Swamp:4  | Killed Bai Suzhen
 26026 | Swamp:4  | Reached skill level 5 in Stealth
 26050 | Swamp:4  | Identified the serpent talisman "Xitawasm" {rF++ Str-5}
 26050 | Swamp:4  | Noticed Aizul
 26074 | Swamp:4  | Killed Aizul
 26097 | Swamp:4  | Received a gift from Trog
 26146 | Swamp:4  | Noticed a tentacled monstrosity
 26156 | Swamp:4  | Killed a tentacled monstrosity
 26162 | Swamp:4  | Got a decaying rune of Zot
 26465 | Swamp:4  | Reached XP level 19. HP: 187/187 MP: 6/18
 26499 | Swamp:4  | Noticed Donald
 26509 | Swamp:4  | Killed Donald
 26867 | D:15     | Entered Level 15 of the Dungeon
 26956 | D:15     | Noticed Rupert
 26965 | D:15     | Noticed Jorgrun
 26969 | D:15     | Killed Rupert
 26976 | D:15     | Killed Jorgrun
 27658 | D:15     | Found a staircase to the Depths.
 27850 | Vaults:1 | Entered Level 1 of the Vaults
 28186 | Vaults:1 | Identified the +5 war axe "Veraps" {heavy, Dex+2} (Trog
                  | gifted it to you on level 1 of the Vaults)
 28186 | Vaults:1 | Received a gift from Trog
 28222 | Vaults:1 | Identified the +0 scale mail "Otaoluja" {Str+4 Int+2 Dex-4}
 28472 | Vaults:1 | Found Finlos's Antique Armour Shop.
 28480 | Vaults:1 | Bought a runed hat for 280 gold pieces
 28924 | Vaults:1 | Found Xaodaem's Jewellery Boutique.
 29251 | Vaults:2 | Reached skill level 21 in Fighting
 29483 | Vaults:2 | Reached XP level 20. HP: 194/198 MP: 19/19
 29558 | Vaults:2 | Received a gift from Trog
 29904 | Vaults:2 | Noticed Mennas
 29932 | Vaults:2 | Killed Mennas
 30031 | Vaults:2 | Found Sonej's Magic Scroll Boutique.
 30038 | Vaults:2 | Bought a scroll of enchant armour for 105 gold pieces
 30038 | Vaults:2 | Bought a scroll of enchant weapon for 105 gold pieces
 30305 | Vaults:2 | Found a staircase to the Crypt.
 30348 | Crypt:1  | Entered Level 1 of the Crypt
 32173 | Crypt:3  | Entered Level 3 of the Crypt
 32177 | Crypt:3  | Identified the ring of Tuwool {Ice Slay+2}
 32177 | Crypt:3  | Noticed Josephina
 32191 | Crypt:3  | Killed Josephina
 32516 | Crypt:3  | Found a large runed translucent door.
 32516 | Crypt:3  | Found a large runed translucent door.
 32618 | Crypt:3  | Received a gift from Trog
 32624 | Crypt:3  | Found a staircase to the Tomb.
 32743 | Crypt:3  | Identified the +8 orcbow of Greed {elec, Int+2}
 32927 | Crypt:3  | Reached XP level 21. HP: 206/206 MP: 20/20
 33079 | Crypt:3  | Received a gift from Trog
 33108 | Crypt:3  | Reached skill level 10 in Stealth
 33110 | Crypt:3  | Reached skill level 22 in Fighting
 33704 | Crypt:3  | Noticed Bunoc's ghost (veteran FoFi)
 33718 | Crypt:3  | Killed Bunoc's ghost
 33873 | Crypt:3  | Identified the staff "Kusuwn" {rElec rF++ rN+ Str-4 Necro
                  | Air}
 33894 | Crypt:3  | Identified the staff of Discord {*Corrode rPois Will+ SInv
                  | Alchemy}
 34474 | Vaults:3 | Found a crumbling gateway.
 34486 | Desolati | Entered the Desolation of Salt
 34547 | Desolati | Identified the ring "Asmej Lah" {rN+ Str+6 Stlth-}
 34585 | Desolati | Received a gift from Trog
 34982 | Desolati | Received a gift from Trog
 35415 | Vaults:3 | Reached skill level 15 in Shields
 35681 | Vaults:3 | Reached XP level 22. HP: 193/217 MP: 21/21
 36442 | Vaults:4 | Received a gift from Trog
 37780 | Slime:1  | Entered Level 1 of the Pits of Slime
 38007 | Slime:2  | Gained mutation: You sometimes lose your temper in combat.
                  | [a shining eye]
 38012 | Slime:2  | Received a gift from Trog
 38013 | Slime:2  | Reached skill level 23 in Fighting
 38013 | Slime:2  | Gained mutation: You have an uncontrollable temper. [a
                  | shining eye]
 38179 | Slime:5  | Entered Level 5 of the Pits of Slime
 38294 | Slime:5  | Paralysed by a formless jellyfish for 1 turns
 38300 | Slime:5  | Paralysed by a formless jellyfish for 1 turns
 38408 | Slime:5  | Lost mutation: You have an uncontrollable temper. [potion
                  | of mutation]
 38408 | Slime:5  | Lost mutation: You sometimes lose your temper in combat.
                  | [potion of mutation]
 38408 | Slime:5  | Gained mutation: Your body sometimes deteriorates upon
                  | taking damage. [potion of mutation]
 38408 | Slime:5  | Gained mutation: You are frail. (-10% HP) [potion of
                  | mutation]
 38408 | Slime:5  | Gained mutation: You have supernaturally acute eyesight.
                  | (SInv) [potion of mutation]
 38449 | Slime:5  | Noticed the Royal Jelly
 38649 | Slime:5  | HP: 13/297 [acid[the Royal Jelly] (2)]
 38804 | Slime:5  | Killed the Royal Jelly
 39118 | Slime:4  | Lost mutation: You have supernaturally acute eyesight.
                  | (SInv) [potion of mutation]
 39118 | Slime:4  | Lost mutation: You are frail. (-10% HP) [potion of
                  | mutation]
 39118 | Slime:4  | Lost mutation: Your body sometimes deteriorates upon taking
                  | damage. [potion of mutation]
 39118 | Slime:4  | Gained mutation: Your health recovers twice as slowly from
                  | being drained. [potion of mutation]
 39118 | Slime:4  | Gained mutation: You are frail. (-10% HP) [potion of
                  | mutation]
 39118 | Slime:4  | Gained mutation: You are agile. (Dex +4, Str/Int -1)
                  | [potion of mutation]
 39118 | Slime:4  | Gained mutation: You are partially covered in iridescent
                  | scales. (AC +2) [potion of mutation]
 39271 | Slime:5  | Identified the +1 robe of the Golden Baku {rPois rN+++ MP-9
                  | Archmagi}
 39303 | Slime:5  | Identified the ring of Qofriammi {rF+ rCorr}
 39306 | Slime:5  | Identified the +2 leather armour "Hegimye" {rCorr Dex+2}
 39345 | Slime:5  | Identified the +9 lajatang of Vonaech {freeze, rF- Str+6}
 39351 | Slime:5  | Identified the ring of Rotak {MP+9 Dex+3}
 39378 | Slime:5  | Got a slimy rune of Zot
 39383 | Slime:5  | Identified the +0 cloak of a bailey {Int-2 Dex+8}
 39393 | Slime:5  | Identified the staff "Abroint" {rElec rF+ Int+2 Necro Air}
 39503 | Slime:5  | Gained mutation: You occasionally shout uncontrollably at
                  | your foes. [a shining eye]
 39718 | Slime:5  | Lost mutation: You are frail. (-10% HP) [potion of
                  | mutation]
 39718 | Slime:5  | Lost mutation: Your health recovers twice as slowly from
                  | being drained. [potion of mutation]
 39718 | Slime:5  | Lost mutation: You are agile. (Dex +4, Str/Int -1) [potion
                  | of mutation]
 39718 | Slime:5  | Gained mutation: You have sharp fingernails. [potion of
                  | mutation]
 40100 | Elf:1    | Entered Level 1 of the Elven Halls
 40103 | Elf:1    | Noticed Agnes
 40111 | Elf:1    | Killed Agnes
 40138 | Elf:1    | Received a gift from Trog
 40190 | Elf:1    | Found a runed translucent door.
 40190 | Elf:1    | Found a shimmering altar of Xom.
 40190 | Elf:1    | Noticed zeteo's ghost (adept GnEE)
 40202 | Elf:1    | Killed zeteo's ghost
 40204 | Elf:1    | Identified the ring of Asedeef {Fly rPois MP+9 Str+3 Dex+6}
 40209 | Elf:1    | Identified the +11 glaive "Hoext" {flame, *Rage Int+4}
 40229 | Elf:1    | Reached XP level 23. HP: 227/227 MP: 22/22
 40234 | Elf:1    | Identified the maw talisman of Hepliaklqana {rF++ rC+ Str-2
                  | Stlth+}
 40317 | Elf:1    | Paralysed by an air elemental for 1 turns
 40913 | Elf:2    | Paralysed by an air elemental for 1 turns
 41192 | Elf:2    | Found a runed translucent door.
 41194 | Elf:2    | Noticed Masud's ghost (adept TeRe)
 41208 | Elf:2    | Killed Masud's ghost
 41357 | Elf:2    | Paralysed by an air elemental for 1 turns
 41359 | Elf:2    | Paralysed by an air elemental for 1 turns
 41431 | Elf:2    | Found a runed translucent gate.
 41432 | Elf:2    | Found a runed translucent gate.
 41432 | Elf:2    | Found a runed translucent gate.
 41612 | Elf:2    | Identified the +9 trident "Beacweob" {heavy, rF+ Str-3
                  | Dex+4} (Trog gifted it to you on level 2 of the Elven
                  | Halls)
 41612 | Elf:2    | Received a gift from Trog
 42063 | Elf:3    | Entered Level 3 of the Elven Halls
 42384 | Elf:3    | Identified the +9 mace of the Lonely Youths {freeze, rElec
                  | Int+4}
 42398 | Elf:3    | Received a gift from Trog
 42400 | Elf:3    | Gained mutation: You sometimes lose your temper in combat.
                  | [a neqoxec]
 42401 | Elf:3    | Paralysed by an air elemental for 1 turns
 42727 | Elf:3    | Found a runed translucent door.
 42727 | Elf:3    | Noticed Alphaeus's ghost (adept TrSh)
 42833 | Elf:3    | Identified the ring "Xacsol" {rF+ EV+5 Str+4}
 42840 | Elf:3    | Identified the staff "Moxaf" {*Slow rC+ rCorr Stlth+ Fire
                  | Ice}
 42886 | Elf:3    | Identified the +5 ring mail of Pandemonium {Harm ^Drain
                  | +Inv Str+4}
 42956 | Elf:3    | Identified the amulet "Qoampuy" {Faith rPois}
 43082 | Elf:3    | Identified the +10 broad axe of Untimely Demise {flame,
                  | *Rage Fly rCorr Stlth+} (Trog gifted it to you on level 3
                  | of the Elven Halls)
 43082 | Elf:3    | Received a gift from Trog
 43455 | Depths:1 | Entered Level 1 of the Depths
 43493 | Depths:1 | Found a one-way gate to the infinite horrors of the Abyss.
 43812 | Depths:1 | Noticed Mara
 43816 | Depths:1 | Noticed tymior's illusion
 43841 | Depths:1 | Noticed tymior's illusion
 43844 | Depths:1 | Noticed tymior's illusion
 43850 | Depths:1 | Killed Mara
 44028 | Depths:1 | Reached skill level 24 in Fighting
 44076 | Abyss:4  | Cast into level 4 of the Abyss (vampire knight)
 44115 | Abyss:4  | Paralysed by accursed screaming for 1 turns
 44140 | Abyss:4  | Found a corrupted altar of Lugonu.
 44143 | Abyss:4  | Found a corrupted altar of Lugonu.
 44170 | Abyss:4  | Received a gift from Trog
 44185 | Abyss:4  | Got an abyssal rune of Zot
 44220 | Abyss:4  | Found a corrupted altar of Lugonu.
 44237 | Abyss:4  | Paralysed by accursed screaming for 1 turns
 44271 | Abyss:4  | Gained mutation: You are weak. (Str -2) [a neqoxec]
 44271 | Abyss:4  | Gained mutation: Your body sometimes deteriorates upon
                  | taking damage. [a neqoxec]
 44274 | Abyss:4  | Gained mutation: You have an uncontrollable temper. [a
                  | neqoxec]
 44284 | Depths:1 | Escaped the Abyss
 44406 | Depths:1 | Found a gateway to Hell.
 44413 | Depths:1 | Reached XP level 24. HP: 238/238 MP: 22/22
 44445 | Depths:1 | Lost mutation: You occasionally shout uncontrollably at
                  | your foes. [potion of mutation]
 44445 | Depths:1 | Lost mutation: You are partially covered in iridescent
                  | scales. (AC +2) [potion of mutation]
 44445 | Depths:1 | Gained mutation: You are strong-willed. (Will+) [potion of
                  | mutation]
 44445 | Depths:1 | Gained mutation: Your body often deteriorates upon taking
                  | damage. [potion of mutation]
 44445 | Depths:1 | Gained mutation: Your spells are a little harder to cast,
                  | but a little more powerful. [potion of mutation]
 44773 | Depths:2 | Received a gift from Trog
 44856 | Depths:2 | Found a large runed translucent door.
 44937 | Depths:2 | Identified the +8 short sword of Intuition {heavy, rPois
                  | Str+3 Int-3}
 44996 | Depths:2 | Found Heebrew's Book Shop.
 45032 | Depths:2 | You fall into a shaft and drop 1 floor!
 45231 | Depths:3 | Found a one-way gateway to a ziggurat.
 45994 | Depths:2 | Received a gift from Trog
 46032 | Depths:2 | Found a shadowy altar of Dithmenos.
 46353 | Depths:2 | Found a one-way gate leading to the halls of Pandemonium.
 46436 | Depths:2 | Found a large runed translucent door.
 46695 | Depths:2 | Identified the +1 war axe of the Inquisitive Nights {flame,
                  | *Noise Str+4 Int+5}
 46927 | Depths:3 | Noticed Sojobo
 46937 | Depths:3 | Paralysed by an air elemental for 1 turns
 46940 | Depths:3 | Paralysed by an air elemental for 1 turns
 46942 | Depths:3 | Paralysed by an air elemental for 1 turns
 46947 | Depths:3 | Killed Sojobo
 46954 | Depths:3 | Identified the ring of Okawaru, Teaching {Str+4 Int+5
                  | Stlth+}
 47008 | Depths:3 | Found the +2 hood of the Assassin {Detect Stab+ Stlth++}
 47038 | Depths:3 | Reached XP level 25. HP: 165/248 MP: 22/22
 47094 | Depths:3 | Found a shadowy altar of Dithmenos.
 47339 | Depths:4 | Entered Level 4 of the Depths
 47344 | Depths:4 | Received a gift from Trog
 47348 | Depths:4 | Reached skill level 25 in Fighting
 47906 | Depths:4 | Found a gate to the Realm of Zot.
 48411 | Zot:1    | Entered Level 1 of the Realm of Zot
 48479 | Zot:1    | Received a gift from Trog
 50862 | Zot:4    | Noticed a Killer Klown
 50870 | Zot:4    | Killed a Killer Klown
 50871 | Zot:4    | Reached skill level 15 in Stealth
 50873 | Zot:4    | Received a gift from Trog
 51097 | Zot:4    | Reached XP level 26. HP: 260/260 MP: 22/22
 51401 | Zot:4    | Noticed Vv
 51423 | Zot:4    | Killed Vv
 52569 | Orc:2    | Bought a potion of mutation for 224 gold pieces
 52569 | Orc:2    | Lost mutation: Your spells are a little harder to cast, but
                  | a little more powerful. [potion of mutation]
 52569 | Orc:2    | Lost mutation: You have an uncontrollable temper. [potion
                  | of mutation]
 52569 | Orc:2    | Gained mutation: Your flesh is cold resistant. (rC+)
                  | [potion of mutation]
 52569 | Orc:2    | Gained mutation: Armour fits poorly on your strangely
                  | shaped body. [potion of mutation]
 52569 | Orc:2    | Gained mutation: Your mind is acute. (Int +4, Str/Dex -1)
                  | [potion of mutation]
 52974 | Vaults:5 | Entered Level 5 of the Vaults
 53502 | Vaults:5 | Received a gift from Trog
 53509 | Vaults:5 | Reached skill level 26 in Fighting
 53811 | Vaults:5 | Received a gift from Trog
 53812 | Vaults:5 | Identified the +2 leather armour of Loacloq {rC+++}
 53826 | Vaults:5 | Identified the +0 robe of Zin {Harm rF++ rC- Stlth+}
 53846 | Vaults:5 | Identified the ring of Harmony {Fly rElec Str+4}
 54079 | Vaults:5 | Found the +8 storm bow {elec, penet}
 54084 | Vaults:5 | Identified the +3 cloak "Omudgh" {Dex+3}
 54086 | Vaults:5 | Identified the staff of Articulation {^Fragile rF+ MP+9
                  | Int+3 Fire}
 54384 | Vaults:5 | Lost mutation: You have sharp fingernails. [potion of
                  | mutation]
 54384 | Vaults:5 | Lost mutation: You sometimes lose your temper in combat.
                  | [potion of mutation]
 54384 | Vaults:5 | Gained mutation: You have hidden genetic defects. [potion
                  | of mutation]
 54388 | Vaults:5 | Identified the +6 sling "Maylloil" {speed, Int+5}
 54517 | Vaults:5 | Got a silver rune of Zot
 54525 | Vaults:5 | Lost mutation: Armour fits poorly on your strangely shaped
                  | body. [potion of mutation]
 54525 | Vaults:5 | Lost mutation: Your mind is acute. (Int +4, Str/Dex -1)
                  | [potion of mutation]
 54525 | Vaults:5 | Gained mutation: You have a pair of large horns on your
                  | head. [potion of mutation]
 54525 | Vaults:5 | Gained mutation: You are covered in fur. (AC +1) [potion of
                  | mutation]
 54887 | Vaults:5 | Identified the +0 pair of gloves of Zin's Reproof {Harm
                  | Int+2 Stlth+}
 54916 | Vaults:5 | Identified the amulet "Hucs" {Reflect rElec rPois Int+3
                  | SH+5}
 54975 | Vaults:5 | Identified the staff of Bloodstone {rN+ Will++ rCorr Str-4
                  | Necro Fire}
 55508 | Zot:5    | Entered Level 5 of the Realm of Zot
 55525 | Zot:5    | Reached XP level 27. HP: 234/270 MP: 0/22
 56267 | Zot:5    | Noticed an orb of fire
 56275 | Zot:5    | Gained mutation: You are clumsy. (Dex -2) [an orb of fire]
 56275 | Zot:5    | Noticed an orb of fire
 56280 | Zot:5    | Noticed an orb of fire
 56280 | Zot:5    | Gained mutation: You do not regenerate when monsters are
                  | visible. [an orb of fire]
 56281 | Zot:5    | Noticed an orb of fire
 56281 | Zot:5    | Noticed an orb of fire
 56282 | Zot:5    | Gained mutation: You occasionally shout uncontrollably at
                  | your foes. [an orb of fire]
 56284 | Zot:5    | Gained mutation: Potions are less effective at restoring
                  | your health. [an orb of fire]
 56286 | Zot:5    | Gained mutation: You sometimes lose your temper in combat.
                  | [an orb of fire]
 56286 | Zot:5    | Gained mutation: You frequently scream uncontrollably at
                  | your foes. [an orb of fire]
 56288 | Zot:5    | Gained mutation: Your health recovers twice as slowly from
                  | being drained. [an orb of fire]
 56289 | Zot:5    | Gained mutation: You are very clumsy. (Dex -4) [an orb of
                  | fire]
 56677 | Zot:5    | Gained mutation: You are occasionally teleported next to
                  | monsters. [an orb of fire]
 56683 | Zot:5    | Killed an orb of fire
 56923 | Zot:5    | Killed an orb of fire
 56932 | Zot:5    | Gained mutation: Your magical capacity is low. (-10% MP)
                  | [hidden defects]
 57027 | Zot:5    | Noticed an ancient lich
 57033 | Zot:5    | Killed an ancient lich
 57055 | Zot:5    | Gained mutation: Potions cannot restore your health. [an
                  | orb of fire]
 57058 | Zot:5    | Killed an orb of fire
 57065 | Zot:5    | Killed an orb of fire
 57084 | Zot:5    | Noticed an ancient lich
 57091 | Zot:5    | Killed an ancient lich
 57409 | D:12     | You paid a toll of 4 potions of resistance to enter a
                  | treasure trove
 57410 | Trove    | Entered a treasure trove
 57417 | Trove    | Identified the orb of Impermeability {mayhem, Ice}
 57427 | Trove    | Identified the ring "Juniwkumm" {Fly Str+2}
 57429 | Trove    | Identified the ring of Fac Kied {rPois rC+ SInv}
 57437 | Trove    | Identified the +7 broad axe of Esociero {drain, rF+}
 57958 | Zot:5    | Reached skill level 15 in Evocations
 57964 | Zot:5    | Noticed an orb of fire
 57968 | Zot:5    | Noticed an orb of fire
 57970 | Zot:5    | Noticed an orb of fire
 57971 | Zot:5    | Noticed an orb of fire
 57972 | Zot:5    | Killed an orb of fire
 57973 | Zot:5    | Noticed an ancient lich
 57978 | Zot:5    | Gained mutation: Armour fits poorly on your strangely
                  | shaped body. [an orb of fire]
 57980 | Zot:5    | Killed an ancient lich
 57984 | Zot:5    | Killed an orb of fire
 57986 | Zot:5    | Noticed an orb of fire
 57988 | Zot:5    | HP: 11/271 [orb of fire/bolt of fire (30)]
 57992 | Zot:5    | Gained mutation: You are very weak. (Str -4) [hidden
                  | defects]
 57992 | Zot:5    | Lost mutation: You have hidden genetic defects. [hidden
                  | defects expressed]
 57993 | Zot:5    | HP: 6/271 [poisoned by a green draconian (blast of poison)]
 57995 | Zot:5    | HP: 1/271 [poisoned by a green draconian (blast of poison)]
 58067 | Zot:5    | Gained mutation: You are dopey. (Int -2) [an orb of fire]
 58068 | Zot:5    | Killed an orb of fire
 58417 | Zot:5    | Gained mutation: You are frail. (-10% HP) [an orb of fire]
 58424 | Zot:5    | Killed an orb of fire
 58444 | Zot:5    | Gained mutation: You have hidden genetic defects. [an orb
                  | of fire]
 58448 | Zot:5    | Killed an orb of fire
 58449 | Zot:5    | Reached skill level 27 in Fighting
 58970 | Zot:5    | Got the Orb of Zot
 59016 | Zot:5    | Noticed Fasear the pandemonium lord
 59043 | Zot:5    | Killed Fasear the pandemonium lord
 59235 | Depths:1 | Noticed Zuess the pandemonium lord
 59623 | D:$      | Escaped with the Orb!

Illustrated notes

Levels and vault maps discovered:
D:1:      minmay_arrival_stair_chambers, layout_basic, minmay_pentomino_s4
D:2:      layout_basic
D:3:      layout_basic, grunt_dithmenos_smoke_and_mirrors,
          dreamdust_mushroom_princess, uniq_robin, uniq_sigmund
D:4:      layout_layer_cave, minmay_temple_entry_drinking_statues
D:5:      layout_loops_ring, lemuel_doored_altar
D:6:      layout_loops_ring
D:7:      layout_basic, mainiacjoe_overflow_chevrons, mainiacjoe_overflow_swirl,
          serial_shops, kennysheep_mini
D:8:      layout_loops_corners, serial_ice, serial_ice_d, serial_ice_c,
          serial_ice_a, serial_ice_b, serial_ice_h, serial_ice_o, uniq_joseph,
          uniq_grum
D:9:      layout_small_grid, bloody_trog, nicolae_rejected_hall, uniq_erolcha
D:10:     layout_rooms, lemuel_round_altar, uniq_psyche
D:11:     layout_basic, lair_entry_dummy, st_stairs_5, uniq_lodul
D:12:     layout_loops_corners, kennysheep_orc_monster_closet_entryway,
          enter_trove_0, uniq_azrael
D:13:     layout_irregular_city, serial_bayou, serial_bayou_pond_e,
          serial_bayou_pond_d, serial_bayou_pond_e, serial_bayou_lagoon_a
D:14:     wad_cavern_with_rooms, layout_loops_cross, ximxim_vaults_locker_room,
          minmay_misc_feat_chi, minivault_21, kiku_gazebo_pond_becter
D:15:     grunt_enter_depths_snipers, layout_basic, uniq_rupert, uniq_jorgrun
Lair:1:   layout_cave_pods, serial_bayou_crossing, serial_bayou_shore_b
Lair:2:   layout_gridlike, chequers_serial_rivers_room_a, grunt_megastairs_3,
          uniq_nergalle
Lair:3:   layout_cave_pods, skrybe_swamp_entry_bodies,
          alex1729_snake_entry_snake, serial_bayou_shore_a,
          infiniplex_staircase_pool
Lair:4:   layout_loops_ring, nicolae_slime_entry_slimehenge,
          gauntlet_entry_generic, serial_bayou_shore_b
Lair:5:   gammafunk_lair_ancient_temple, layout_regular_city,
          lemuel_fruit_fields, lemuel_fruit_tree, infiniplex_staircase_pool_2
Swamp:1:  layout_falls_marsh, evilmike_swamp_ruin_house_5
Swamp:2:  layout_falls_marsh, nicolae_swamp_reclaimed_castle, swamp_pool_1_2,
          roderic_carrion_pond, nicolae_swamp_hydra_murder_den
Swamp:3:  layout_basic_swamp, evilmike_swamp_ruin_wall, uniq_nikola
Swamp:4:  swamp_vile, layout_basic_swamp, swamp_pool_5,
          nicolae_swamp_tree_isthmus, uniq_donald, uniq_bai_suzhen, uniq_aizul
Snake:1:  layout_chambers, serial_shops, nicolae_diamond_shop,
          nicolae_book_shop_shelving, minmay_shoptagon
Snake:2:  layout_honeycomb, gammafunk_ghost_split, nicolae_coiled_stairwell_up,
          grunt_megastairs_4, uniq_vashnia, uniq_louise
Snake:3:  layout_cave_town, serial_shops, nicolae_shop_bloodbath_and_beyond,
          gammafunk_ghost_cemetery, statue_in_the_mist_lemuel, uniq_roxanne,
          uniq_saint_roka
Snake:4:  johnstein_snake_rune_scales, layout_basic
Slime:1:  layout_caves
Slime:2:  layout_caves, nicolae_slime_welcoming_committee
Slime:3:  layout_caves
Slime:4:  layout_caves
Slime:5:  slime_pit_nicolae_jellycorners
Orc:1:    layout_diamond_mine
Orc:2:    hellmonk_orc_salted, layout_diamond_mine, serial_shops,
          nicolae_shop_statue_plus
Elf:1:    eino_elf_arrival_the_gate, layout_loops_cross, ebering_ghost_xom,
          uniq_agnes
Elf:2:    nicolae_elf_blades_crystal_corner, layout_loops_corners,
          ebering_ghost_inner_flame
Elf:3:    minmay_elf_hall_curves, layout_gridlike,
          ebering_ghost_reflecting_pool, grunt_ministairs_4
Vaults:1: vaults_dpeg_spiral, v_pattern_3, v_misc_1,
          nicolae_vaults_hexular_roomagon, nicolae_vaults_weapon_check,
          nicolae_vaults_trapezoid_3, layout_vaults_omnigrid, serial_shops,
          shop, nicolae_shop_gaudy_bauble
Vaults:2: hangedman_vaults_stitches, v_pattern_4, vaults_room_fancy_cross,
          minmay_crypt_entry_simple_plaza, grunt_vaults_diagonal,
          nicolae_vaults_holding_cells, v_misc_31, nicolae_vaults_network_s,
          nicolae_vaults_house_1, nicolae_vaults_storage_room_doors,
          nicolae_vaults_house_2, vaults_room_pools, grunt_vaults_hallway_short,
          layout_vaults_chaotic_city, serial_shops, shop, uniq_mennas
Vaults:3: portal_desolation_entry_salt, nicolae_vaults_house_3,
          hangedman_vaults_unwind, nicolae_vaults_meiosis,
          nicolae_vaults_network_quinsquares
          [nicolae_vaults_network_quincunx_subvault,
          nicolae_vaults_network_quincunx_subvault,
          nicolae_vaults_network_quincunx_subvault,
          nicolae_vaults_network_quincunx_subvault],
          nicolae_vaults_tetromino_L_2, nicolae_vaults_octagons,
          hangedman_vaults_stream, nicolae_vaults_little_ls,
          ontoclasm_vaults_decontamination, nicolae_vaults_house_2,
          nicolae_vaults_shelves_hall, vaults_dpeg_hooks,
          nicolae_vaults_little_squares_4, layout_vaults_ring
Vaults:4: vaults_standard_mumra_enter_the_diamond, ontoclasm_vaults_gateway,
          hangedman_vaults_nodes, ontoclasm_vaults_fault, v_misc_29,
          nicolae_vaults_double_plus_3, v_misc_26, nicolae_vaults_mitosis,
          v_pattern_2, nicolae_vaults_trapezoid_lopsided_3,
          dpeg_vaults_hating_casters, layout_vaults_omnibox
Vaults:5
Crypt:1:  layout_chaotic_city, st_stairs_13
Crypt:2:  layout_chaotic_city, serial_library_regret_index_headful
Crypt:3:  due_elkab, layout_chaotic_city, ebering_ghost_disaster_area,
          uniq_josephina
Depths:1: layout_honeycomb, grunt_hell_horde, corexii_hall_statues_u,
          abyss_entry, kennysheep_windowed_goal, uniq_mara
Depths:2: lightli_eight_chambers, layout_cave_pools, serial_shops,
          kennysheep_mini_moat, hell_entry, abyss_entry_crystal,
          rand_demon_pan_entry_7, grunt_decor_cap, roadster_trireme,
          infiniplex_staircase_zigzag_4
Depths:3: regret_index_dithmenos_brocken_genspenst, layout_gridlike,
          enter_ziggurat_e, hangedman_abyss_entry_splay,
          hangedman_tar_grid_catacomb, infiniplex_staircase_zigzag_5,
          uniq_sojobo
Depths:4: grunt_zot_entry_alcove, layout_honeycomb,
          pf_vacation_house_of_asmodeus, minmay_misc_feat_plants,
          grunt_megastairs_5
Zot:1:    layout_onion_interference, regret_index_zotdec_banners
Zot:2:    layout_misc_corridors, regret_index_zot_stipple_split
Zot:3:    layout_concentric_octagons, grunt_megastairs_2
Zot:4:    layout_gridlike, hangedman_zot_decor_checkerboard, uniq_vv
Zot:5:    layout_twisted_circle, st_stairs_11

Skill      XL: |  1  2  3  4  5  6  7  8  9 10 11 12 13 14 15 16 17 18 19 20 21 22 23 24 25 26 27 |
---------------+----------------------------------------------------------------------------------+-----
Fighting       | 4 5 6 8 9 11 14 16 17 18 19 20 21 22 23 24 25 26 27 | 27.0
Axes           | 4 5 6 8 9 11 14 16 17 18 19 20 21 22 23 24 | 24.1
Armour         | 3 4 5 6 7 9 10 11 12 14 15 16 17 19 21 22 23 24 25 26 | 26.5
Dodging        | 3 4 5 6 8 9 10 11 13 14 15 16 17 18 19 20 21 22 | 22.8
Evocations     | 2 4 6 8 9 10 11 12 13 14 15 | 15.4
Shields        | 4 5 6 9 10 11 12 13 15 16 17 18 19 20 21 | 21.5
Stealth        | 4 7 8 9 11 12 13 14 15 16 | 16.6

Action                     |  1- 3 |  4- 6 |  7- 9 | 10-12 | 13-15 | 16-18 | 19-21 | 22-24 | 25-27 || total
---------------------------+-------+-------+-------+-------+-------+-------+-------+-------+-------++-------
  Melee: Hand axe          |    82 |   131 |   356 |       |       |       |       |       |       ||   569
         Headbutt          |    12 |    14 |    72 |    70 |   143 |   274 |   392 |   357 |   275 ||  1609
         Punch             |       |     1 |     3 |       |       |       |       |       |       ||     4
         Battleaxe         |       |       |     7 |   326 |   567 |       |       |       |       ||   900
         Unarmed           |       |       |       |     2 |       |       |       |       |       ||     2
         War axe           |       |       |       |       |   133 |   933 |  1110 |  1268 |   979 ||  4423
         Mace              |       |       |       |       |       |    48 |       |       |       ||    48
         Sacred scourge    |       |       |       |       |       |       |   232 |       |       ||   232
 Invoke: Berserk           |     1 |     2 |       |     5 |     1 |     3 |     5 |     2 |     5 ||    24
         Trog's Hand       |       |     3 |       |     3 |     1 |     5 |     2 |    10 |    18 ||    42
         Brothers in Arms  |       |       |       |       |     1 |     6 |     6 |     8 |    13 ||    34
  Evoke: Wand              |       |       |       |     1 |     2 |       |       |     1 |     3 ||     7
         Box of beasts     |       |       |       |     1 |       |       |       |       |       ||     1
         Phantom mirror    |       |       |       |       |       |       |       |       |     2 ||     2
    Use: Scroll            |     4 |     2 |     4 |     6 |    13 |     6 |     4 |    10 |     7 ||    56
         Potion            |       |     5 |       |       |     1 |     6 |     4 |    10 |    22 ||    48
   Stab: Distracted        |       |       |       |       |       |       |     1 |     2 |     7 ||    10
         Sleeping          |       |       |       |       |       |       |       |    15 |    18 ||    33
 Armour: Animal skin       |     6 |       |       |       |       |       |       |       |       ||     6
         Scale mail        |    59 |   126 |   216 |   205 |       |       |       |       |       ||   606
         Skin              |     1 |       |       |     1 |       |       |       |       |       ||     2
         Acid dragon scale |       |       |       |    34 |   180 |       |       |       |       ||   214
         Chain mail        |       |       |       |       |   362 |   571 |   774 |   899 |   626 ||  3232
         Storm dragon scal |       |       |       |       |       |       |       |       |    92 ||    92
  Dodge: Dodged            |    46 |    69 |   301 |   424 |   512 |   376 |   511 |   697 |   687 ||  3623
  Block: Kite shield       |       |       |       |       |    60 |   271 |       |       |       ||   331
         Tower shield      |       |       |       |       |       |   501 |  1348 |  1477 |  1360 ||  4686
